 Dungeon Crawl Stone Soup version 0.18-a0-1637-g109f206 (webtiles) character file.

45 suvakkihuora the Skirmisher (level 3, 0/34 HPs)
             Began as a Minotaur Chaos Knight on Mar 26, 2016.
             Slain by a goblin (3 damage)
             ... led by Robin
             ... on level 2 of the Dungeon.
             The game lasted 00:02:22 (980 turns).

suvakkihuora the Skirmisher (Minotaur Chaos Knight)  Turns: 980, Time: 00:02:23

Health: 0/34       AC:  6    Str: 15 (17) XL:     3   Next: 42%
Magic:  2/2        EV:  6    Int:  6 (9)  God:    Xom [..*...]
Gold:   95         SH:  0    Dex:  7 (9)  Spells: 0 memorised, 2 levels left

rFire  + . .     SeeInvis .     e - +0 mace (drain)
rCold  + . .     Gourm    .     h - +0 leather armour (curse)
rNeg   . . .     Faith    +     (no shield)
rPois  +         Spirit   .     (helmet restricted)
rElec  +         Dismiss  .     (no cloak)
rCorr  +         Reflect  .     i - +2 pair of gloves
SustAt .         Harm     .     (no boots)
MR     .....                    g - amulet of faith
Stlth  +.........               (no ring)
                                (no ring)

@: resistant, not resistant to hostile enchantments, very unstealthy
A: retaliatory headbutt, horns 2
a: Renounce Religion


You were on level 2 of the Dungeon.
You worshipped Xom.
You were a toy of Xom.
You were not hungry.

You visited 1 branch of the dungeon, and saw 2 of its levels.

You collected 95 gold pieces.

Inventory:

Hand Weapons
 a - a +0 hand axe of chaos
 e - a +0 mace of draining (weapon)
Missiles
 k - 10 stones (quivered)
Armour
 b - a +2 leather armour
 h - a cursed +0 leather armour (worn)
 i - a +2 pair of gloves (worn)
Jewellery
 g - an amulet of faith (around neck)
Scrolls
 j - a scroll of identify {unknown}
 m - a scroll of immolation {unknown}
Comestibles
 c - 3 bread rations
 l - 2 chunks of flesh


   Skills:
 + Level 4.3 Fighting
 - Level 4.1(4.4) Axes
 * Level 2.2(3.4) Maces & Flails
 - Level 2.4 Armour
 - Level 1.1 Dodging


You had 2 spell levels left.
You didn't know any spells.

Dungeon Overview and Level Annotations

Branches:
Dungeon (2/15)

Altars:

Annotations:
D:2 Robin


Innate Abilities, Weirdness & Mutations

You reflexively headbutt those who attack you in melee.
You have a pair of horns on your head.


Message History

The goblin misses you. The goblin hits you but does no damage.
A giant newt comes into view.
The goblin hits you.
* * * LOW HITPOINT WARNING * * *
Robin says, "We wiped out the hill dwarves - you're next!"
The goblin hits you but does no damage.
The goblin no longer looks unusually strong.
Robin says, "My army is invincible!"
Robin roars a battlecry!
The goblin goes into a battle-frenzy!
Xom's power touches on you for a moment.
Your hair momentarily turns into snakes!
Robin roars a battlecry!
The hobgoblin goes into a battle-frenzy!
Xom almost notices you.
Your +2 leather armour falls out of your pack, then immediately jumps back in!
There is a stone staircase leading up here.
The goblin hits you.
You die...

######### # #.......# #
#.#### #.#####.### #.
#....####.#####...#
#.#######l.g.ggg@......#
#....#....####.#####...#
#....#..### #........##
#..#.#..# #........#
#..#..g.# ########.#
#.....#g# ####### #.#
#...#.#.# #.....# #.##
#...#.#l# #.....# #..##
#.......# #.....# ##..#


You could see Robin, a hobgoblin, 2 goblins and a giant newt.

Vanquished Creatures
  An ooze (D:1)
  A dart slug (D:1)
  A ball python (D:2)
  15 goblins
  5 hobgoblins (D:1)
  6 bats
  3 giant newts (D:1)
  A kobold (D:1)
  5 rats
38 creatures vanquished.

Vanquished Creatures (others)
  A kobold (D:2)
1 creature vanquished.

Grand Total: 39 creatures vanquished

Notes
Turn   | Place    | Note
--------------------------------------------------------------
     0 | D:1      | suvakkihuora the Minotaur Chaos Knight began the quest for the Orb.
     0 | D:1      | Reached XP level 1. HP: 19/19 MP: 0/0
    46 | D:1      | Reached XP level 2. HP: 20/27 MP: 1/1
    98 | D:1      | XOM: harmless Trmt miscast
   358 | D:1      | Reached skill level 1 in Maces & Flails
   433 | D:1      | XOM: divination: detect creatures
   462 | D:1      | XOM: harmless Chrm miscast
   502 | D:1      | XOM: divination: detect creatures
   717 | D:1      | XOM: divination: detect creatures
   736 | D:1      | Reached XP level 3. HP: 30/33 MP: 2/2
   810 | D:2      | Found a faded altar to an unknown god.
   840 | D:2      | XOM: silly message
   849 | D:2      | Noticed Robin
   959 | D:2      | HP: 1/34 [goblin[Robin] (1)]
   973 | D:2      | XOM: harmless Trmt miscast
   977 | D:2      | XOM: silly message
   980 | D:2      | Slain by a goblin

Vault maps used:
D:1:      zelgadis_glass_arrival_small
D:2:      fiery_altar_vehumet, ecumenical_altar_2, first_bread, uniq_robin

Skill      XL: |  1  2  3 |
---------------+----------+-----
Axes           | 4 |  4.1
Fighting       | 4 |  4.3
Maces & Flails | 1 2 |  2.2
Armour         | |  2.4
Dodging        | |  1.1

Action                   || total
-------------------------++-------
Melee: Hand axe          ||    15
       Mace              ||    48
  Use: Potion            ||     2
 Stab: Petrifying        ||     1
